Cogmind - Beta 11 X5 @@@ ROGUE MODE // 2021.07.08 @ 00:19:32 Player: Amy! Result: Destroyed by Y-72 Warden with Quantum Rifle Performance ------------- Evolutions (8) 4000 Regions Visited (20) 4000 Robots Destroyed (190) 950 Value Destroyed (9282) 9282 Prototype IDs (25) 500 Alien Tech Used (0) 0 Bonus (3774) 3774 TOTAL SCORE: 22506 Bonus ------- High Alert Combat Kills 653 Follower Combat Kills 2402 Network Hubs Disabled 200 Met Data Miner 300 Built Enhanced Grunts 300 A7 Reached Mainframe 300 Met R17 at Cetus 500 Friendly Fire -881 Cogmind --------- Core Integrity 0/1450 Matter 209/300 Energy 100/100 System Corruption 86% Temperature Cool (10) Movement Flying (40) Location -2/Research Parts ------- > --- POWER (2) -------- (None) > --- PROPULSION (6) --- Nuclear Pulse Array Impulse Thruster Array > --- UTILITY (11) ----- Advanced Heat Sink Advanced Visual Processing Unit Advanced Armor Integrity Analyzer > --- WEAPON (4) ------- (None) > --- INVENTORY (5) ---- Improved Diametric Drive Advanced Force Field Gamma Rifle Gamma Rifle Heavy Laser Peak State ------------ > --- POWER ------------ Reinforced Antimatter Reactor Quantum Reactor > --- PROPULSION ------- Improved Heavy Treads Armored Heavy Treads Biometal Heavy Treads > --- UTILITY ---------- Advanced Heat Sink Advanced Heat Sink Advanced Heat Sink Advanced Heat Sink Huge Storage Unit Advanced Visual Processing Unit Advanced Target Analyzer Advanced Armor Integrity Analyzer Improved Weapon Cycler Improved Heavy Armor Plating > --- WEAPON ----------- Quantum Rifle Enhanced Quantum Rifle Nova Cannon Nova Cannon > --- INVENTORY -------- Micro Fission Core Light Particle Reactor Heavy Treads Heavy Treads Improved Heavy Treads Improved Heavy Treads Biometal Medium Treads Armored Heavy Treads Armored Wheel Advanced Force Field Gamma Rifle Wave Gun HERF Cannon Nova Cannon Nova Cannon Hypervelocity Coil Gun [Rating: 165] Favorites ----------- Power Improved Deuterium Engine Engine Improved Deuterium Engine Power Core Micro Fission Core Reactor Reinforced Antimatter Reactor Propulsion Armored Wheel Treads Heavy Treads Wheel Armored Wheel Flight Unit Impulse Thruster Array Utility Advanced Heat Sink Device Advanced Heat Sink Storage High-capacity Storage Unit Processor Advanced Targeting Computer Protection Improved Medium Armor Plating Weapon Advanced Beam Cannon Energy Gun Variable Charge Gun Energy Cannon Advanced Beam Cannon Ballistic Gun Hypervelocity Coil Gun Ballistic Cannon Flak Cannon Impact Weapon Powered Hammer Build | -11 -10 -9 -9 -8 -7 -7 -7 -7 -6 -6 -6 -6 -6 -6 -5 -4 -4 -4 -3 -2 ------- Run | Scr Mat Mat Sto Mat Fac Low Low Dat Pro Fac Ext Cet Arc Hub Fac Fac Was Fac Res Res Slots Evolved 16 | . . 2 . 2 2 . . . . 2 . . . . 2 2 . . 2 2 Power 1 | . . . . . . . . . . . . . . . . 1 . . . . Propulsion 4 | . . . . . . . . . . 1 . . . . 1 . . . . 2 Utility 9 | . . 1 . 1 2 . . . . 1 . . . . 1 1 . . 2 . Weapon 2 | . . 1 . 1 . . . . . . . . . . . . . . . . Parts Attached 222 | 6 4 13 6 15 4 1 . . 2 9 3 2 . 12 25 7 8 10 17 78 Power 30 | 1 1 3 2 . 1 . . . 1 1 . . . 3 1 2 1 3 1 9 Engine 13 | 1 1 2 2 . 1 . . . 1 1 . . . 3 . . . . . 1 Core 5 | . . 1 . . . . . . . . . . . . 1 1 . 1 . 1 Reactor 12 | . . . . . . . . . . . . . . . . 1 1 2 1 7 Propulsion 52 | 2 . 2 . 3 . 1 . . . 1 . 1 . 5 9 1 3 . 3 21 Treads 20 | . . . . . . . . . . . . 1 . 2 1 . 2 . 3 11 Leg . | . . . . . . . . . . . . . . . . . . . . . Wheel 25 | 2 . 2 . 3 . 1 . . . 1 . . . 3 8 1 1 . . 3 Hover . | . . . . . . . . . . . . . . . . . . . . . Flight 7 | . . . . . . . . . . . . . . . . . . . . 7 Utility 79 | 1 2 3 1 6 2 . . . 1 5 1 1 . 3 8 3 2 5 11 24 Device 44 | . . 1 . 3 1 . . . 1 1 . . . 1 4 2 1 2 9 18 Storage 7 | 1 . 2 1 . . . . . . . . . . . 1 . . . . 2 Processor 11 | . 1 . . 3 . . . . . 3 . . . . 2 . . . . 2 Hackware . | . . . . . . . . . . . . . . . . . . . . . Protection 17 | . 1 . . . 1 . . . . 1 1 1 . 2 1 1 1 3 2 2 Artifact . | . . . . . . . . . . . . . . . . . . . . . Weapon 61 | 2 1 5 3 6 1 . . . . 2 2 . . 1 7 1 2 2 2 24 Energy Gun 24 | 2 . 2 2 2 . . . . . . . . . . 4 . . 2 1 9 Energy Cannon 27 | . . . 1 2 . . . . . 2 1 . . 1 3 1 2 . 1 13 Ballistic Gun 4 | . 1 1 . . . . . . . . . . . . . . . . . 2 Ballistic Cannon 5 | . . 2 . 1 1 . . . . . 1 . . . . . . . . . Launcher . | . . . . . . . . . . . . . . . . . . . . . Special Weapon . | . . . . . . . . . . . . . . . . . . . . . Impact Weapon 1 | . . . . 1 . . . . . . . . . . . . . . . . Slashing Weapon . | . . . . . . . . . . . . . . . . . . . . . Piercing Weapon . | . . . . . . . . . . . . . . . . . . . . . Special Melee Weapon . | . . . . . . . . . . . . . . . . . . . . . Unidentified Prototypes 13 | . . . 4 1 . . . . . . . 2 . . 2 . . . 1 3 Corrupted Parts 1 | . . . . . . . . . . . . . . . . . . . . 1 System Corruption 1 | . . . . . . . . . . . . . . . . . . . . 1 Parts Lost 108 | . 2 3 . . . . . . 1 1 . . . 21 . 5 2 1 4 68 Power 16 | . 1 1 . . . . . . . . . . . 4 . 1 . . . 9 Propulsion 24 | . 1 . . . . . . . . . . . . 5 . 1 1 . . 16 Utility 38 | . . . . . . . . . 1 . . . . 7 . 2 1 1 3 23 Weapon 30 | . . 2 . . . . . . . 1 . . . 5 . 1 . . 1 20 Highest Loss Streak 27 | . 1 2 . . . . . . 1 1 . . . 21 . 3 2 1 2 27 Average Slot Usage (%) 90 | . 97 98 100 99 100 100 100 100 99 100 100 94 93 80 65 91 83 78 89 70 Engine 4 | . 14 8 11 9 7 7 7 7 7 6 6 6 6 5 . . . . . . Reactor 2 | . . . . . . . . . . . . . . . . . 2 5 9 6 Treads 3 | . . . . . . . . . . . . 4 6 5 1 . 5 10 9 9 Wheel 11 | . 26 21 22 18 15 15 15 15 15 20 20 9 6 5 16 20 8 . . . Device 14 | . . 9 11 9 15 15 15 15 14 13 13 13 13 10 7 21 13 11 26 20 Storage 6 | . 2 11 11 9 7 7 7 7 7 6 6 6 6 6 . 5 5 5 4 4 Processor 13 | . 13 11 11 18 15 15 15 15 15 20 20 20 20 19 6 10 10 10 9 9 Protection 5 | . 11 1 . . 7 7 7 7 7 6 6 6 6 4 3 6 8 9 10 1 Energy Gun 6 | . 22 12 16 10 2 . . . . . . . . . 10 10 10 10 9 7 Energy Cannon 12 | . . . 4 18 15 15 15 15 15 20 20 20 20 15 8 9 9 10 9 4 Ballistic Cannon 5 | . . 9 11 7 12 15 15 15 15 6 5 6 6 3 . . . . . . Naked Turns 4 | . . . . . . . . . . . . . . 4 . . . . . . Heaviest Build 180 | 14 14 35 61 67 82 82 82 82 82 79 84 84 83 83 61 71 118 118 124 180 Greatest Support 220 | 26 26 28 24 24 24 24 24 24 24 36 36 80 12 80 48 48 140 140 140 220 Greatest Overweight (x) 28 | . . 1 2 2 3 3 3 3 3 2 2 6 6 6 1 1 2 . . 28 Average Overweight (x) 1 | . . . 1 2 3 3 3 3 3 2 2 4 6 4 . 1 . . . 1 Largest Inventory Capacity 25 | 8 8 15 20 20 20 20 20 20 20 20 20 20 20 20 15 15 15 15 15 25 Average Capacity 17 | 7 5 12 18 20 20 20 20 20 20 20 20 20 20 19 6 15 15 15 15 20 Most Carried 21 | 2 5 15 20 20 20 20 20 20 20 20 20 20 20 20 5 7 11 15 15 21 Average Carried 15 | . 4 10 16 19 19 20 20 20 19 18 19 19 20 17 4 5 6 13 14 12 Final Capacity 20 | 8 5 15 20 20 20 20 20 20 20 20 20 20 20 5 15 15 15 15 15 5 Final Carried 20 | 2 4 15 20 20 20 20 20 20 20 20 20 20 20 5 5 3 11 14 15 5 Class Distribution -------------------- 35% | Gunner 21% | Scavenger-Gunner 17% | Scavenger-Tank 8% | Skirmisher 6% | Mutant 5% | Commander-Gunner Dominant Class ---------------- Mutant | -10/Materials Skirmisher | -9/Materials Skirmisher | -9/Storage Gunner | -8/Materials Gunner | -7/Factory Gunner | -7/Lower Caves Gunner | -7/Lower Caves Gunner | -7/Data Miner Skirmisher | -6/Proximity Caves Gunner | -6/Factory Gunner | -6/Extension Scavenger-Gunner | -6/Cetus Scavenger-Gunner | -6/Archives Scavenger-Gunner | -6/Hub_04(d) Tank | -5/Factory Scavenger-Gunner | -4/Factory Scavenger-Tank | -4/Waste Scavenger-Tank | -4/Factory Scavenger-Tank | -3/Research Scavenger-Gunner | -2/Research Resources | -11 -10 -9 -9 -8 -7 -7 -7 -7 -6 -6 -6 -6 -6 -6 -5 -4 -4 -4 -3 -2 ----------- Run | Scr Mat Mat Sto Mat Fac Low Low Dat Pro Fac Ext Cet Arc Hub Fac Fac Was Fac Res Res Matter Collected 3604 | 237 97 229 138 342 111 54 95 . 69 139 211 182 34 49 290 25 113 120 231 838 Remotely . | . . . . . . . . . . . . . . . . . . . . . Salvage Created 10559 | . 152 420 290 1212 130 . 185 . 106 404 422 571 103 60 868 793 804 535 875 2629 Parts 479 | . 5 32 10 67 10 . 4 . 4 17 17 24 6 1 22 43 14 27 42 134 Haulers Intercepted 4 | . . . . 2 . . . . . . . . . . 2 . . . . . Recyclers Shooed 7 | . . . . . . . . . . 2 1 . . . 2 1 . . . 1 Parts Field Recycled . | . . . . . . . . . . . . . . . . . . . . . Retrieved Matter . | . . . . . . . . . . . . . . . . . . . . . Parts Self-Destructed 7 | . . . . . . . 4 . 3 . . . . . . . . . . . Prevented 3 | . . . . . . 3 . . . . . . . . . . . . . . Kills | -11 -10 -9 -9 -8 -7 -7 -7 -7 -6 -6 -6 -6 -6 -6 -5 -4 -4 -4 -3 -2 ------- Run | Scr Mat Mat Sto Mat Fac Low Low Dat Pro Fac Ext Cet Arc Hub Fac Fac Was Fac Res Res Combat Hostiles Destroyed 152 | . 3 12 4 21 2 . 4 . 4 8 4 10 1 1 6 13 3 11 12 33 Melee 1 | . . . . . . . . . . . . . . . . . . . . 1 Guns 58 | . 3 8 2 7 . . . . . . . . . . . 4 3 8 3 20 Cannons 74 | . . 4 2 14 2 . 3 . 4 3 3 8 1 . 4 5 . 3 8 10 AOE 7 | . . . . . . . . . . 4 . . . . . 3 . . . . Classes Destroyed 16 | . 2 3 . 4 . . 1 . . 1 2 1 . . 1 . 1 . . . Worker 9 | . . . . 2 1 . . . . 2 . . . . 1 . . . 1 2 Builder 5 | . . . . . . . . . . . 2 . . . 1 . . 1 . 1 Tunneler 1 | . . . . . . . . . . 1 . . . . . . . . . . Hauler 4 | . . . . 2 . . . . . . . . . . 2 . . . . . Recycler 6 | . . 1 1 . . . . . . . 1 . . . 1 1 . . . 1 Operator 3 | . . . . 1 1 . . . . . . . 1 . . . . . . . Watcher 9 | . 1 1 . 4 . . . . . . 1 . . . 1 . . . 1 . Swarmer 27 | . . 6 . 2 . . . . 3 1 . 2 . . . 4 . 5 . 4 Grunt 46 | . 3 4 2 13 . . 3 . . 7 1 4 . 1 . 1 . . . 7 Brawler 2 | . . . . . . . 1 . . . . . . . . 1 . . . . Duelist 2 | . . . . 1 . . . . . . . . . . . 1 . . . . Sentry 32 | . . 2 2 5 2 . . . 1 . 2 . 1 . 4 2 . 4 5 2 Hunter 5 | . . . . . . . . . . . . 1 . . . . . . 2 2 Programmer 29 | . . . . . . . . . . . . . . . 2 4 . 2 5 16 Behemoth 3 | . . . . . . . . . . . 1 . . . . . . . . 2 Compactor 3 | . . . . . . . . . . . . . . . . . 3 . . . Cetus Guard 3 | . . . . . . . . . . . . 3 . . . . . . . . Thug 1 | . . . . . . . . . . . . 1 . . . . . . . . Best Kill Streak 8 | . 3 5 2 6 1 . 4 . 3 5 2 3 2 1 3 8 1 6 2 5 Combat Bots Only 7 | . 3 5 2 6 1 . 4 . 3 4 1 3 1 1 2 7 1 6 2 4 Max Kills in Single Turn 5 | . 1 1 1 2 1 . 1 . 1 5 1 2 2 1 1 3 1 2 1 1 Gunslinging . | . . . . . . . . . . . . . . . . . . . . . Exploded 4 | . . . . . . . . . . 4 . . . . . 3 . . . . Melee 1 | . . . . . . . . . . . . . . . . . . . . 1 Uniques/NPCs Destroyed . | . . . . . . . . . . . . . . . . . . . . . Combat | -11 -10 -9 -9 -8 -7 -7 -7 -7 -6 -6 -6 -6 -6 -6 -5 -4 -4 -4 -3 -2 -------- Run | Scr Mat Mat Sto Mat Fac Low Low Dat Pro Fac Ext Cet Arc Hub Fac Fac Was Fac Res Res Damage Taken 24350 | . 558 453 100 609 111 . 161 . 104 137 293 220 25 4132 625 757 158 1110 1430 13367 Core 2869 | . 140 112 15 97 6 . . . 29 21 35 62 . 500 178 44 . 125 41 1464 Absorbed by Shields 458 | . . . . . . . . . . . 145 94 . . . . . . 219 . Core Remaining (%) 75 | 100 44 . 68 82 . . . . 95 . . . . 27 82 . . 85 96 . Volleys Fired 495 | . 27 24 17 48 11 . 7 . 7 11 20 16 3 14 30 26 19 24 47 144 Largest 4 | . 2 3 3 4 4 . 4 . 4 4 4 4 4 4 4 4 4 4 4 4 Hottest 447 | . 90 128 163 246 228 . 228 . 228 248 284 269 269 269 289 275 335 343 343 447 Shots Fired 1580 | . 42 67 48 178 44 . 28 . 27 44 81 64 12 46 94 92 63 90 181 379 Gun 664 | . 42 54 27 48 1 . . . . . . . . . 54 48 32 45 87 226 Cannon 916 | . . 13 21 130 43 . 28 . 27 44 81 64 12 46 40 44 31 45 94 153 Launcher . | . . . . . . . . . . . . . . . . . . . . . Special . | . . . . . . . . . . . . . . . . . . . . . Kinetic 245 | . 13 37 17 34 21 . 14 . 13 11 17 17 3 9 . . . . . 39 Thermal 1199 | . 15 24 14 110 22 . 14 . 14 33 64 47 9 32 89 92 63 90 160 307 Explosive . | . . . . . . . . . . . . . . . . . . . . . Electromagnetic 136 | . 14 6 17 34 1 . . . . . . . . 5 5 . . . 21 33 Robot Hit Streak 21 | . 5 4 8 12 16 . 21 . 4 15 21 13 7 10 20 10 16 14 9 16 Robot Miss Streak 6 | . 3 5 3 6 2 . 3 . 5 5 3 3 . 4 3 4 1 3 6 5 Penetration Max 1 | . . . . . . . . . . . . . . . . . . . . 1 Secondary Targets 3 | . . 1 . . . . . . . . . . . . . . . . . 2 Max Gunslinging Chain 1 | . . 1 . . . . . . . . . . . . . . . . . 1 Shots Hit Robots 890 | . 29 34 23 92 17 . 19 . 8 19 59 37 7 34 72 49 45 41 88 217 Core Hits 414 | . 8 18 9 68 13 . 8 . 8 27 24 17 3 7 31 27 10 21 34 81 Critical Kills 11 | . . . . . . . 1 . . 1 1 2 . . 2 . 1 . . 3 Critical Parts Destroyed 11 | . 1 . . . . . . . . . . . . . 3 . . 1 . 6 Critical Strikes 36 | . 4 . . . . . 1 . . 1 1 5 1 . 5 . 3 1 3 11 Burn 7 | . 3 . . . . . . . . . . . . . . . . . 3 1 Meltdown 6 | . . . . . . . 1 . . 1 1 2 . . . . . . . 1 Destroy 18 | . 1 . . . . . . . . . . . . . 5 . 3 1 . 8 Blast 4 | . . . . . . . . . . . . 3 1 . . . . . . . Corrupt 1 | . . . . . . . . . . . . . . . . . . . . 1 Melee Attacks 1 | . . . . 1 . . . . . . . . . . . . . . . . Impact 1 | . . . . 1 . . . . . . . . . . . . . . . . Slashing . | . . . . . . . . . . . . . . . . . . . . . Piercing . | . . . . . . . . . . . . . . . . . . . . . Sneak Attacks . | . . . . . . . . . . . . . . . . . . . . . Combat Hostiles . | . . . . . . . . . . . . . . . . . . . . . Follow-up Attacks . | . . . . . . . . . . . . . . . . . . . . . Damage Inflicted 25947 | . 443 526 449 1899 382 . 407 . 140 1454 1367 918 195 738 1913 2205 1583 1323 2613 7392 Guns 9631 | . 395 423 264 459 23 . . . . . . . . . 1187 801 645 694 1026 3714 Cannons 14602 | . . 103 185 1402 359 . 407 . 140 490 1367 918 195 736 726 967 938 629 1475 3565 Explosions 1487 | . 48 . . 38 . . . . . 964 . . . . . 437 . . . . Melee . | . . . . . . . . . . . . . . . . . . . . . Ramming 227 | . . . . . . . . . . . . . . 2 . . . . 112 113 Kinetic 2634 | . 145 306 155 402 156 . 183 . 38 146 364 271 61 163 . . . . . 244 Thermal 20183 | . 172 205 119 1114 203 . 224 . 102 344 1003 647 134 505 1807 1768 1583 1323 2312 6618 Explosive 1401 | . . . . . . . . . . 964 . . . . . 437 . . . . Electromagnetic 1502 | . 126 15 175 383 23 . . . . . . . . 68 106 . . . 189 417 Impact . | . . . . . . . . . . . . . . . . . . . . . Slashing . | . . . . . . . . . . . . . . . . . . . . . Piercing . | . . . . . . . . . . . . . . . . . . . . . Highest Corruption 86 | . . . . . . . . . . . 5 5 5 50 1 4 14 14 7 86 Average Corruption 17 | . . . . . . . . . . . 5 5 5 17 1 1 13 14 4 36 Corruption Purged . | . . . . . . . . . . . . . . . . . . . . . Effects 240 | . . . . . . . . . . . 23 18 8 15 1 3 9 32 8 123 Message Errors 47 | . . . . . . . . . . . 4 4 2 5 . 1 . 7 . 24 Matter Fused 52 | . . . . . . . . . . . 6 7 3 2 . . 1 8 4 21 Heat Flow Errors 25 | . . . . . . . . . . . 5 1 . 4 . . 1 2 2 10 Energy Discharges 28 | . . . . . . . . . . . 2 4 1 2 1 2 3 3 1 9 Parts Rejected 2 | . . . . . . . . . . . . . . . . . . . . 2 Data Loss (minor) 23 | . . . . . . . . . . . 3 . 2 1 . . . 6 . 11 Data Loss (major) 8 | . . . . . . . . . . . 2 . . 1 . . . . . 5 Misfires 8 | . . . . . . . . . . . 1 1 . . . . . 3 . 3 Alerts 9 | . . . . . . . . . . . . . . . . . . 2 . 7 Misdirections 20 | . . . . . . . . . . . . . . . . . . . . 20 Weapon Failures 18 | . . . . . . . . . . . . 1 . . . . 4 1 1 11 Overload Shots . | . . . . . . . . . . . . . . . . . . . . . Overflow Damage 333 | . 31 . 6 11 1 . . . . 19 10 . . . 51 77 . 16 7 104 Projectiles 252 | . . . 6 11 1 . . . . . 10 . . . 51 77 . 16 . 80 Explosions 50 | . 31 . . . . . . . . 19 . . . . . . . . . . Melee 31 | . . . . . . . . . . . . . . . . . . . 7 24 Knockbacks 25 | . . . 2 6 . . 2 . 1 6 6 . . 1 . . . . . 1 Impact 1 | . . . . . . . . . . . . . . . . . . . . 1 Kinetic 24 | . . . 2 6 . . 2 . 1 6 6 . . 1 . . . . . . Secondary . | . . . . . . . . . . . . . . . . . . . . . Self-Inflicted Damage 34 | . . . . . . . . . . 34 . . . . . . . . . . Shots 1 | . . . . . . . . . . 1 . . . . . . . . . . Rammed 20 | . . . . . . . . . . . . . . 1 . . . . 12 7 Targets Rammed 22 | . . . . . . . . . . . . . . 1 . . . . 13 8 Kicked . | . . . . . . . . . . . . . . . . . . . . . Crushed 2 | . . . . . . . . . . . . . . . . . . . 1 1 Highest Temperature 576 | . 325 260 279 443 275 . 307 . 388 218 222 234 102 576 351 84 534 399 416 408 Average Temperature 122 | . 157 84 82 124 99 . 130 . 182 85 80 86 62 155 84 23 157 160 117 161 Received Heat Transfer 3077 | . 306 132 33 360 24 . 90 . . 21 60 42 . 546 90 21 . 63 56 1233 Effects 42 | . . . . 4 1 . . . 1 . . . . 8 . . 6 4 4 14 Shutdowns 9 | . . . . 1 . . . . . . . . . 1 . . 1 . 2 4 Energy Bleed 5 | . . . . . 1 . . . . . . . . . . . . . . 4 Interference 14 | . . . . 1 . . . . . . . . . 4 . . . 3 2 4 Matter Decay 2 | . . . . . . . . . . . . . . . . . . . . 2 Short Circuit 2 | . . . . 1 . . . . 1 . . . . . . . . . . . Damage (minor) 4 | . . . . 1 . . . . . . . . . 2 . . . 1 . . Damage (major) 6 | . . . . . . . . . . . . . . 1 . . 5 . . . Siege Activations . | . . . . . . . . . . . . . . . . . . . . . Robots Corrupted 2 | . . . . . . . . . . . . . . 1 . . . . . 1 Combat Hostiles 2 | . . . . . . . . . . . . . . 1 . . . . . 1 Parts Fried 6 | . . . . 1 . . . . . . . . . 1 . . . . 1 3 Impact Corruptions 3 | . . . . . . . . . . . . . . . . . . . 2 1 Robots Melted 10 | . . . . . . . 1 . . 1 1 2 . . 2 1 . . 1 1 Combat Hostiles 10 | . . . . . . . 1 . . 1 1 2 . . 2 1 . . 1 1 Parts Melted 66 | . . . . 4 . . 1 . . 1 6 4 . . 13 6 . 4 9 18 Heat Transferred 26070 | . 642 555 296 2085 370 . 407 . 185 629 1830 1201 248 688 2829 1978 1624 1424 2540 6539 Parts Sabotaged . | . . . . . . . . . . . . . . . . . . . . . Parts Stolen . | . . . . . . . . . . . . . . . . . . . . . Parts Stripped . | . . . . . . . . . . . . . . . . . . . . . Power Chain Reactions 2 | . 1 . . 1 . . . . . . . . . . . . . . . . Missiles Intercepted . | . . . . . . . . . . . . . . . . . . . . . Alert | -11 -10 -9 -9 -8 -7 -7 -7 -7 -6 -6 -6 -6 -6 -6 -5 -4 -4 -4 -3 -2 ------- Run | Scr Mat Mat Sto Mat Fac Low Low Dat Pro Fac Ext Cet Arc Hub Fac Fac Was Fac Res Res Peak Influence 1441 | . 114 440 687 626 326 . . . . 607 738 1441 688 378 318 476 120 253 290 380 Initial 576 | . . 48 101 249 247 . . . . . 198 412 576 240 80 109 114 81 132 123 Average 312 | . 53 206 431 378 255 . . . . 310 396 1017 666 262 178 210 110 169 171 200 Maximum Alert Level 4 | . . 2 2 2 1 . . . . 2 3 4 2 1 1 2 . 1 1 1 Low Security (%) 35 | 100 100 43 25 . 20 . . . . 29 10 . . 9 63 45 100 60 69 47 Level 1 41 | . . 43 9 65 80 . . . . 11 57 . . 90 36 46 . 39 30 52 Level 2 16 | . . 13 65 34 . . . . . 59 17 8 100 . . 8 . . . . Level 3 3 | . . . . . . . . . . . 14 40 . . . . . . . . Level 4 3 | . . . . . . . . . . . . 51 . . . . . . . . Level 5 . | . . . . . . . . . . . . . . . . . . . . . High Security . | . . . . . . . . . . . . . . . . . . . . . Max Security . | . . . . . . . . . . . . . . . . . . . . . Squads Dispatched 29 | . 3 1 2 3 . . . . . . . 2 . 1 3 3 . 2 2 7 Investigation 4 | . 1 1 . . . . . . . . . 2 . . . . . . . . Extermination 11 | . . . . . . . . . . . . . . . 1 1 . 1 2 6 Reinforcement 10 | . 2 . 1 3 . . . . . . . . . 1 1 . . 1 . 1 Assault 1 | . . . 1 . . . . . . . . . . . . . . . . . Garrison 3 | . . . . . . . . . . . . . . . 1 2 . . . . Intercept . | . . . . . . . . . . . . . . . . . . . . . Construction Impeded 3 | . . . . 1 . . . . . . . . . . . . . 1 . 1 Haulers Reinforced 1 | . . . . . . . . . . . . . . . 1 . . . . . Cargo Convoy Interrupts . | . . . . . . . . . . . . . . . . . . . . . Stealth | -11 -10 -9 -9 -8 -7 -7 -7 -7 -6 -6 -6 -6 -6 -6 -5 -4 -4 -4 -3 -2 --------- Run | Scr Mat Mat Sto Mat Fac Low Low Dat Pro Fac Ext Cet Arc Hub Fac Fac Was Fac Res Res Distress Signals 8 | . . 3 . 2 . . . . . . . 2 . . . . . . . 1 Communications Jammed . | . . . . . . . . . . . . . . . . . . . . . Distress Signals . | . . . . . . . . . . . . . . . . . . . . . Times Spotted 293 | . 10 18 21 34 3 . 4 . 4 12 19 32 4 20 9 20 6 11 14 52 Peak Tracking Total 12 | . 3 6 5 4 1 . 4 . 3 4 3 8 2 12 2 5 3 6 3 7 Tactical Retreats 11 | . . 1 2 1 . . . . . . . . . 1 . . . . . 6 Traps | -11 -10 -9 -9 -8 -7 -7 -7 -7 -6 -6 -6 -6 -6 -6 -5 -4 -4 -4 -3 -2 ------- Run | Scr Mat Mat Sto Mat Fac Low Low Dat Pro Fac Ext Cet Arc Hub Fac Fac Was Fac Res Res Traps Triggered 11 | . 1 . . . 1 . . . . . 3 . . . 1 3 . 1 . 1 Indirectly . | . . . . . . . . . . . . . . . . . . . . . Trap Hack Attempts . | . . . . . . . . . . . . . . . . . . . . . Triggered . | . . . . . . . . . . . . . . . . . . . . . Disarmed . | . . . . . . . . . . . . . . . . . . . . . Reprogrammed . | . . . . . . . . . . . . . . . . . . . . . Reused . | . . . . . . . . . . . . . . . . . . . . . Traps Extracted . | . . . . . . . . . . . . . . . . . . . . . Installed . | . . . . . . . . . . . . . . . . . . . . . Triggered 2 | . . . . . . 2 . . . . . . . . . . . . . . Machines | -11 -10 -9 -9 -8 -7 -7 -7 -7 -6 -6 -6 -6 -6 -6 -5 -4 -4 -4 -3 -2 ---------- Run | Scr Mat Mat Sto Mat Fac Low Low Dat Pro Fac Ext Cet Arc Hub Fac Fac Was Fac Res Res Machines Disabled 39 | . . 2 2 4 . . . . . 13 4 3 1 . 2 3 . . . 5 Max in Single Turn 4 | . . 1 1 1 . . . . . 4 1 1 1 . 1 1 . . . 1 Garrison Access 2 | . . . . . . . . . . 1 . . . . 1 . . . . . Network Hub 1 | . . . . . . . . . . . . . . 1 . . . . . . Machines Sabotaged . | . . . . . . . . . . . . . . . . . . . . . Garrisons Compromised . | . . . . . . . . . . . . . . . . . . . . . Overloaded Fab Kills . | . . . . . . . . . . . . . . . . . . . . . Fab Network Shutdowns . | . . . . . . . . . . . . . . . . . . . . . Hacking | -11 -10 -9 -9 -8 -7 -7 -7 -7 -6 -6 -6 -6 -6 -6 -5 -4 -4 -4 -3 -2 --------- Run | Scr Mat Mat Sto Mat Fac Low Low Dat Pro Fac Ext Cet Arc Hub Fac Fac Was Fac Res Res Machines Accessed 24 | . 3 1 4 . 1 1 . 4 1 2 2 3 1 . 1 . . . . . Terminals 16 | . 3 1 4 . 1 . . . 1 1 2 3 . . . . . . . . Fabricators . | . . . . . . . . . . . . . . . . . . . . . Repair Stations . | . . . . . . . . . . . . . . . . . . . . . Recycling Units . | . . . . . . . . . . . . . . . . . . . . . Scanalyzers . | . . . . . . . . . . . . . . . . . . . . . Garrison Access 2 | . . . . . . . . . . 1 . . . . 1 . . . . . Total Hacks 63 | . 7 2 7 . 1 1 . 26 1 2 3 8 2 . 3 . . . . . Successful 42 | . 3 . 3 . 1 1 . 26 1 2 . 2 2 . 1 . . . . . Failed 21 | . 4 2 4 . . . . . . . 3 6 . . 2 . . . . . Catastrophic 7 | . 1 1 1 . . . . . . . 1 2 . . 1 . . . . . Database Lockouts . | . . . . . . . . . . . . . . . . . . . . . Manual 9 | . 5 2 . . 1 . . . . . . 1 . . . . . . . . Terminals 30 | . 7 2 7 . 1 . . . 1 1 3 8 . . . . . . . . Fabricators . | . . . . . . . . . . . . . . . . . . . . . Repair Stations . | . . . . . . . . . . . . . . . . . . . . . Recycling Units . | . . . . . . . . . . . . . . . . . . . . . Scanalyzers . | . . . . . . . . . . . . . . . . . . . . . Garrison Access 4 | . . . . . . . . . . 1 . . . . 3 . . . . . Terminal Hacks 40 | . 3 . 3 . 1 1 . 26 1 1 . 2 2 . . . . . . . Record 15 | . . . . . . . . 11 1 . . 1 2 . . . . . . . Part Schematic 9 | . 1 . . . . . . 8 . . . . . . . . . . . . Robot Schematic 4 | . . . . . . . . 4 . . . . . . . . . . . . Prototype ID Bank 3 | . . . . . . . . 3 . . . . . . . . . . . . Open Door 6 | . . . 3 . . 1 . . . 1 . 1 . . . . . . . . Branch Access Points 1 | . . . . . 1 . . . . . . . . . . . . . . . Surveillance Status 1 | . 1 . . . . . . . . . . . . . . . . . . . Hauler Manifests 1 | . 1 . . . . . . . . . . . . . . . . . . . Fabricator Hacks . | . . . . . . . . . . . . . . . . . . . . . Repair Station Hacks . | . . . . . . . . . . . . . . . . . . . . . Recycling Unit Hacks . | . . . . . . . . . . . . . . . . . . . . . Scanalyzer . | . . . . . . . . . . . . . . . . . . . . . Garrison Access Hacks 2 | . . . . . . . . . . 1 . . . . 1 . . . . . Seal Access 2 | . . . . . . . . . . 1 . . . . 1 . . . . . Unauthorized Hacks . | . . . . . . . . . . . . . . . . . . . . . Terminals . | . . . . . . . . . . . . . . . . . . . . . Fabricators . | . . . . . . . . . . . . . . . . . . . . . Repair Stations . | . . . . . . . . . . . . . . . . . . . . . Recycling Units . | . . . . . . . . . . . . . . . . . . . . . Scanalyzers . | . . . . . . . . . . . . . . . . . . . . . Garrison Access . | . . . . . . . . . . . . . . . . . . . . . Data Cores Recovered 2 | . . . . . 1 . . . . . 1 . . . . . . . . . Used . | . . . . . . . . . . . . . . . . . . . . . Hacking Detections 14 | . 3 1 2 . 1 . . . 1 1 2 3 . . . . . . . . Full Trace Events 4 | . . 1 1 . . . . . . . . 2 . . . . . . . . Feedback Events . | . . . . . . . . . . . . . . . . . . . . . Feedback Blocked . | . . . . . . . . . . . . . . . . . . . . . Robot Schematics Acquired 4 | . . . . . . . . 4 . . . . . . . . . . . . Robots Built . | . . . . . . . . . . . . . . . . . . . . . Matter . | . . . . . . . . . . . . . . . . . . . . . Time . | . . . . . . . . . . . . . . . . . . . . . Total Robot Build Rating . | . . . . . . . . . . . . . . . . . . . . . Part Schematics Acquired 9 | . 1 . . . . . . 8 . . . . . . . . . . . . Parts Built . | . . . . . . . . . . . . . . . . . . . . . Matter . | . . . . . . . . . . . . . . . . . . . . . Time . | . . . . . . . . . . . . . . . . . . . . . Total Part Build Rating . | . . . . . . . . . . . . . . . . . . . . . Parts Repaired . | . . . . . . . . . . . . . . . . . . . . . Time . | . . . . . . . . . . . . . . . . . . . . . Parts Recycled . | . . . . . . . . . . . . . . . . . . . . . Recycled Matter . | . . . . . . . . . . . . . . . . . . . . . Retrieved Matter . | . . . . . . . . . . . . . . . . . . . . . Retrieved Components . | . . . . . . . . . . . . . . . . . . . . . Parts Scanalyzed . | . . . . . . . . . . . . . . . . . . . . . Part Schematics Acquired . | . . . . . . . . . . . . . . . . . . . . . Parts Damaged . | . . . . . . . . . . . . . . . . . . . . . Bothacking | -11 -10 -9 -9 -8 -7 -7 -7 -7 -6 -6 -6 -6 -6 -6 -5 -4 -4 -4 -3 -2 ------------ Run | Scr Mat Mat Sto Mat Fac Low Low Dat Pro Fac Ext Cet Arc Hub Fac Fac Was Fac Res Res Used RIF Installer . | . . . . . . . . . . . . . . . . . . . . . Robots Hacked . | . . . . . . . . . . . . . . . . . . . . . Non-combat . | . . . . . . . . . . . . . . . . . . . . . Combat . | . . . . . . . . . . . . . . . . . . . . . Robot Hacks Applied . | . . . . . . . . . . . . . . . . . . . . . Relay Couplers Released . | . . . . . . . . . . . . . . . . . . . . . Robots Rewired 4 | . . . . . . . . . . . 4 . . . . . . . . . Allies Hacked . | . . . . . . . . . . . . . . . . . . . . . Hacks Repelled . | . . . . . . . . . . . . . . . . . . . . . Allies | -11 -10 -9 -9 -8 -7 -7 -7 -7 -6 -6 -6 -6 -6 -6 -5 -4 -4 -4 -3 -2 -------- Run | Scr Mat Mat Sto Mat Fac Low Low Dat Pro Fac Ext Cet Arc Hub Fac Fac Was Fac Res Res Total Allies 34 | . . . 11 . . . . . 1 . 17 5 . . . . . . . . Largest Group 16 | . . . 11 5 . . . . 1 1 16 16 8 4 . . . . . . Highest-Rated Group 816 | . . . 188 140 . . . . 95 95 604 816 529 313 . . . . . . Highest-Rated Ally 156 | . . . 100 100 . . . . 95 95 156 156 138 95 . . . . . . Total Orders . | . . . . . . . . . . . . . . . . . . . . . Ally Attacks 346 | . . . 41 17 . . . . 7 11 84 150 25 11 . . . . . . Total Damage 9247 | . . . 944 171 . . . . 194 682 1940 4338 698 280 . . . . . . Kills 72 | . . . 17 . . . . . . 6 17 26 3 3 . . . . . . Allies Corrupted 1 | . . . . . . . . . . . 1 . . . . . . . . . Allies Melted . | . . . . . . . . . . . . . . . . . . . . . Intel | -11 -10 -9 -9 -8 -7 -7 -7 -7 -6 -6 -6 -6 -6 -6 -5 -4 -4 -4 -3 -2 ------- Run | Scr Mat Mat Sto Mat Fac Low Low Dat Pro Fac Ext Cet Arc Hub Fac Fac Was Fac Res Res Robot Analysis Total . | . . . . . . . . . . . . . . . . . . . . . Derelict Logs Recovered 2 | . . . . . . 1 . . 1 . . . . . . . . . . . Drone Launches . | . . . . . . . . . . . . . . . . . . . . . Drone Recoveries . | . . . . . . . . . . . . . . . . . . . . . Exploration | -11 -10 -9 -9 -8 -7 -7 -7 -7 -6 -6 -6 -6 -6 -6 -5 -4 -4 -4 -3 -2 ------------- Run | Scr Mat Mat Sto Mat Fac Low Low Dat Pro Fac Ext Cet Arc Hub Fac Fac Was Fac Res Res Turns Passed 12485 | 41 255 405 525 1283 500 385 609 107 502 558 1059 653 299 364 499 486 195 743 1011 2006 Spaces Moved 7830 | 34 184 300 374 825 332 285 433 80 352 414 735 360 157 181 369 363 80 392 491 1089 Core 64 | 1 . . . . . . . . . . . . . 10 51 . . . . 2 Treads 1633 | . . . . . . . . . . . . 3 . 28 21 . 49 392 491 649 Legs . | . . . . . . . . . . . . . . . . . . . . . Wheels 5853 | 33 184 300 374 825 332 285 433 80 352 414 735 357 157 143 297 363 31 . . 158 Hover . | . . . . . . . . . . . . . . . . . . . . . Flight 280 | . . . . . . . . . . . . . . . . . . . . 280 Fastest Speed 32 | 50 90 90 105 120 135 135 135 135 135 120 120 120 180 50 50 105 105 160 160 32 Average Speed 130 | 90 92 98 115 120 135 135 135 135 135 120 120 161 180 166 93 105 138 160 164 136 Slowest Speed 1450 | 100 100 115 120 120 135 135 135 135 135 120 120 260 180 260 160 105 160 160 165 1450 Overloaded Moves . | . . . . . . . . . . . . . . . . . . . . . Propulsion Burnouts . | . . . . . . . . . . . . . . . . . . . . . Robots Hopped 10 | . . . . . . . . . . . . . . . . . . . . 10 Cave-ins Triggered 1 | . . . . . . . . . . . . . . . . . . . . 1 Exploration Rate (%) 43 | 3 33 26 55 76 15 46 63 69 51 13 87 88 94 32 10 19 86 14 14 26 Regions Visited 20 Branch Regions 9 Pre-discovered Areas 1 | . . . . . . . . 1 . . . . . . . . . . . . Known Exits Taken 14 | . 1 1 1 1 1 1 1 1 1 1 1 1 1 1 . . . . . . Unknown Exits Taken 4 | 1 . . . . . . . . . . . . . . 1 . . 1 1 . Scrap Searched 4 | . . . . . . 2 2 . . . . . . . . . . . . . Spaces Dug 39 | . . . . 1 5 . . . . . . . . . . 1 . 10 22 . Terrain Destroyed 209 | . 6 . . 4 5 . 3 . 3 22 . 3 . 1 8 16 6 33 48 51 Melee 1 | . . . . 1 . . . . . . . . . . . . . . . . Projectile 166 | . . . . . 5 . 3 . 3 . . 3 . 1 8 5 6 33 48 51 AOE 42 | . 6 . . 3 . . . . . 22 . . . . . 11 . . . . Terrain Rammed . | . . . . . . . . . . . . . . . . . . . . . Walls Destroyed . | . . . . . . . . . . . . . . . . . . . . . Machines Disabled . | . . . . . . . . . . . . . . . . . . . . . Actions | -11 -10 -9 -9 -8 -7 -7 -7 -7 -6 -6 -6 -6 -6 -6 -5 -4 -4 -4 -3 -2 --------- Run | Scr Mat Mat Sto Mat Fac Low Low Dat Pro Fac Ext Cet Arc Hub Fac Fac Was Fac Res Res Total 9065 | 41 226 355 435 1011 355 286 441 79 361 449 864 397 166 211 452 401 114 444 591 1386 Wait 256 | . 9 2 20 91 . . . . . 5 49 9 7 2 8 3 . 3 6 42 Move 7794 | 33 183 299 373 824 331 284 432 79 351 413 734 359 156 180 368 363 79 391 490 1072 Hop 6 | . . . . . . . . . . . . . . . . . . . . 6 Pick Up 88 | 2 2 12 7 13 1 . 1 . . 5 3 3 . . 9 2 1 8 4 15 Fast Attach 101 | 6 2 4 4 3 . . . . . . . 2 . 3 14 3 6 2 7 45 Attach 69 | . 1 4 . 3 2 . . . 1 4 . . . 9 6 4 1 3 6 25 Detach 28 | . 1 2 3 1 . . . . . 1 . 1 . . 1 . 7 . 4 7 Swap 52 | . 1 5 2 9 2 1 . . 1 5 3 . . . 5 . 1 5 4 8 Drop 91 | . . 3 8 18 . 1 1 . . 5 4 7 . 2 11 . . 8 10 13 Fire 495 | . 27 24 17 48 11 . 7 . 7 11 20 16 3 14 30 26 19 24 47 144 Melee 1 | . . . . 1 . . . . . . . . . . . . . . . . Ram . | . . . . . . . . . . . . . . . . . . . . . Kick . | . . . . . . . . . . . . . . . . . . . . . Crush 22 | . . . . . . . . . . . . . . 1 . . . . 13 8 Escape Stasis 25 | . . . . . 8 . . . . . 16 . . . . . . . . 1 Rewire 37 | . . . 1 . . . . . 1 . 35 . . . . . . . . . Trap . | . . . . . . . . . . . . . . . . . . . . . Miscellaneous . | . . . . . . . . . . . . . . . . . . . . . Route ------- -11/Scrapyard -10/Materials -9/Materials -9/Storage -8/Materials (discovered 2 exits: *Fac x2) -7/Factory (discovered 2 exits: *Low x2) -7/Lower Caves -7/Lower Caves (discovered 2 exits: *Fac / *Dat) -7/Data Miner -6/Proximity Caves -6/Factory -6/Extension (discovered 2 exits: *Fac / *Cet) -6/Cetus (discovered 3 exits: *Fac x2 / *Arc) -6/Archives (discovered 3 exits: *Fac / *Hub x2) -6/Hub_04(d) -5/Factory -4/Factory -4/Waste -4/Factory -3/Research (discovered 2 exits: [*Res] / [*Tes]) -2/Research (discovered 1 exit: [*Qua]) History --------- Turn | Location | Event 25 | -11/Scrapyard | Discovered new exit (range 15) 42 | -11/Scrapyard | Entered Materials 240 | -10/Materials | Core integrity fell below 50% 283 | -10/Materials | Discovered new exit (range 8) 296 | -10/Materials | Identified exit to Materials 297 | -10/Materials | Entered another Materials area 297 | -9/Materials | Evolved 2 slots: Utility x1, Weapon x1 329 | -9/Materials | Build established: Mutant 670 | -9/Materials | Discovered new exit (range 13) 687 | -9/Materials | Identified exit to Storage 702 | -9/Materials | Entered Storage 807 | -9/Storage | Build established: Skirmisher 807 | -9/Storage | Met 01-MTF 976 | -9/Storage | Discovered new exit (range 15) 1086 | -9/Storage | Assisted by bots powering up and referring to "LRC-V3" 1102 | -9/Storage | First assault squad dispatched 1205 | -9/Storage | Identified exit to Materials 1227 | -9/Storage | Entered Materials 1227 | -8/Materials | Accompanied by 5 allies (01-MTF) 1227 | -8/Materials | Evolved 2 slots: Utility x1, Weapon x1 1232 | -8/Materials | 01-MTF left 1751 | -8/Materials | Build established: Gunner 2302 | -8/Materials | Discovered new exit (range 6) 2308 | -8/Materials | Identified exit to Factory 2407 | -8/Materials | Discovered exit to Factory (range 15) 2510 | -8/Materials | Entered Factory 2510 | -7/Factory | Evolved 2 slots: Utility x2 2837 | -7/Factory | Identified exit to Lower Caves 3010 | -7/Factory | Entered Lower Caves 3011 | -7/Lower Caves | Encountered a Warlord checkpoint 3275 | -7/Lower Caves | Identified exit to Lower Caves 3395 | -7/Lower Caves | Entered another Lower Caves area 3435 | -7/Lower Caves | Discovered new exit (range 7) 3440 | -7/Lower Caves | Identified exit to Factory 3989 | -7/Lower Caves | Discovered new exit (range 10) 3993 | -7/Lower Caves | Encountered a Warlord checkpoint 4001 | -7/Lower Caves | Identified exit to Data Miner 4004 | -7/Lower Caves | Entered Data Miner 4004 | -7/Data Miner | Discovered new exit (range 6) 4013 | -7/Data Miner | Identified exit to Proximity Caves 4030 | -7/Data Miner | Met Data Miner 4054 | -7/Data Miner | Learned location of Section 7 (-2) 4054 | -7/Data Miner | Acquired the access code to Warlord's prototype stash 4079 | -7/Data Miner | Received God Mode back door access code from Data Miner 4111 | -7/Data Miner | Entered Proximity Caves 4230 | -6/Proximity Caves | Escorted by Enhanced Grunt 4472 | -6/Proximity Caves | Attracted the attention of an 0b10 checkpoint 4545 | -6/Proximity Caves | Build established: Skirmisher 4601 | -6/Proximity Caves | Discovered exit to Factory (range 5) 4613 | -6/Proximity Caves | Entered Factory 4613 | -6/Factory | Accompanied by 1 ally 4613 | -6/Factory | Evolved 2 slots: Propulsion x1, Utility x1 4925 | -6/Factory | Build established: Gunner 5162 | -6/Factory | Discovered new exit (range 6) 5165 | -6/Factory | Identified exit to Extension 5171 | -6/Factory | Entered Extension 5171 | -6/Extension | Accompanied by 1 ally 5210 | -6/Extension | Rescued A7 5282 | -6/Extension | Rescued a captive Derelict 5284 | -6/Extension | Rescued a captive Derelict 5468 | -6/Extension | Rescued a captive Derelict 5469 | -6/Extension | Rescued a captive Derelict 5651 | -6/Extension | Disrupted transfer network 5783 | -6/Extension | Spotted B-75 Beast 5788 | -6/Extension | Allies destroyed B-75 Beast 5803 | -6/Extension | Spotted B-75 Beast 5805 | -6/Extension | Destroyed B-75 Beast 5913 | -6/Extension | Rescued a captive Derelict 5914 | -6/Extension | Rescued a captive Derelict 5942 | -6/Extension | Rescued a captive Derelict 5942 | -6/Extension | Rescued a captive Derelict 6122 | -6/Extension | Rescued a captive Derelict 6146 | -6/Extension | Rescued a captive Derelict 6147 | -6/Extension | Rescued a captive Derelict 6158 | -6/Extension | Rescued a captive Derelict 6186 | -6/Extension | Discovered new exit (range 10) 6187 | -6/Extension | Discovered new exit (range 6) 6195 | -6/Extension | Identified exit to Cetus 6230 | -6/Extension | Entered Cetus 6230 | -6/Cetus | Accompanied by 16 allies (A7) 6235 | -6/Cetus | Acquired a Cetus Manufacturing Module code from A7 6246 | -6/Cetus | Spotted Cetus Guard 6246 | -6/Cetus | Spotted Cetus Guard 6251 | -6/Cetus | Spotted Cetus Guard 6257 | -6/Cetus | Allies destroyed Cetus Guard 6257 | -6/Cetus | Spotted Cetus Guard 6263 | -6/Cetus | Allies destroyed Cetus Guard 6264 | -6/Cetus | Destroyed Cetus Guard 6264 | -6/Cetus | Allies destroyed Cetus Guard 6307 | -6/Cetus | Discovered new exit (range 15) 6324 | -6/Cetus | Identified exit to Factory 6469 | -6/Cetus | Started Cetus Manufacturing Module 6487 | -6/Cetus | Escorted A7 to Cetus Mainframe 6494 | -6/Cetus | Manufactured an Enhanced Grunt 6519 | -6/Cetus | Manufactured an Enhanced Grunt 6544 | -6/Cetus | Manufactured an Enhanced Grunt 6569 | -6/Cetus | Manufactured an Enhanced Grunt 6594 | -6/Cetus | Manufactured an Enhanced Grunt 6613 | -6/Cetus | Incoming investigation squad redirected 6679 | -6/Cetus | Discovered new exit (range 15) 6705 | -6/Cetus | Identified exit to Archives 6743 | -6/Cetus | Spotted Cetus Guard 6744 | -6/Cetus | Spotted Cetus Guard 6748 | -6/Cetus | Spotted Cetus Guard 6748 | -6/Cetus | Spotted Cetus Guard 6759 | -6/Cetus | Discovered exit to Factory (range 15) 6763 | -6/Cetus | Destroyed Cetus Guard 6765 | -6/Cetus | Allies destroyed Cetus Guard 6770 | -6/Cetus | Allies destroyed Cetus Guard 6772 | -6/Cetus | Destroyed Cetus Guard 6781 | -6/Cetus | Met Revision 17 6883 | -6/Cetus | Entered Archives 6883 | -6/Archives | Accompanied by 8 allies (A7) 6888 | -6/Archives | Received a hacking code to weaken MAIN.C 6928 | -6/Archives | Unable to access archive contents 6932 | -6/Archives | Discovered new exit (range 15) 6946 | -6/Archives | Unable to access archive contents 6950 | -6/Archives | Discovered new exit (range 16) 6975 | -6/Archives | Unable to access archive contents 6979 | -6/Archives | Discovered exit to Factory (range 15) 6995 | -6/Archives | Unable to access archive contents 7052 | -6/Archives | Build established: Scavenger-Gunner 7171 | -6/Archives | Identified exit to Hub_04(d) 7182 | -6/Archives | Entered Hub_04(d) 7182 | -6/Hub_04(d) | Accompanied by 4 allies 7332 | -6/Hub_04(d) | Network Hub disabled 7372 | -6/Hub_04(d) | Spotted Lightning 7374 | -6/Hub_04(d) | Spotted Lightning 7375 | -6/Hub_04(d) | Spotted Lightning 7380 | -6/Hub_04(d) | System corruption reached 10% 7436 | -6/Hub_04(d) | Disrupted transfer network 7457 | -6/Hub_04(d) | System corruption reached 30% 7523 | -6/Hub_04(d) | Core integrity fell below 50% 7531 | -6/Hub_04(d) | Discovered exit to Factory (range 16) 7542 | -6/Hub_04(d) | Released all parts (3) 7546 | -6/Hub_04(d) | Entered Factory 7546 | -5/Factory | Evolved 2 slots: Propulsion x1, Utility x1 7572 | -5/Factory | Garrison activated, responded to threat 7573 | -5/Factory | Lost 21 parts (4p5n7u5w) 7971 | -5/Factory | Discovered new exit (range 18) 8045 | -5/Factory | Entered another Factory area 8045 | -4/Factory | Evolved 2 slots: Power x1, Utility x1 8360 | -4/Factory | Garrison activated, responded to threat 8410 | -4/Factory | Lost 3 parts (1n2u) 8431 | -4/Factory | Destroyed 7 combat bots 8531 | -4/Factory | Sucked down chute 8531 | -4/Factory | Entered Waste 8546 | -4/Waste | EMP discharged 8546 | -4/Waste | System corruption reached 10% 8554 | -4/Waste | Spotted C-40 Crusher 8575 | -4/Waste | Destroyed C-40 Crusher 8575 | -4/Waste | Spotted C-40 Crusher 8591 | -4/Waste | Crushed by Compactor (1 part destroyed, 2 dropped) 8594 | -4/Waste | Crushed by Compactor (1 part destroyed, 1 dropped) 8596 | -4/Waste | Destroyed C-40 Crusher 8596 | -4/Waste | Spotted C-40 Crusher 8617 | -4/Waste | Destroyed C-40 Crusher 8644 | -4/Waste | Found Damper Plating 8645 | -4/Waste | Spotted C-40 Crusher 8645 | -4/Waste | Spotted C-40 Crusher 8646 | -4/Waste | EMP discharged 8669 | -4/Waste | Spotted C-40 Crusher 8703 | -4/Waste | Build established: Scavenger-Tank 8712 | -4/Waste | Discovered new exit (range 10) 8726 | -4/Waste | Entered Factory 9137 | -4/Factory | Build established: Scavenger-Gunner 9408 | -4/Factory | Discovered new exit (range 3) 9469 | -4/Factory | Entered Research 9469 | -3/Research | Evolved 2 slots: Utility x2 9491 | -3/Research | Build established: Scavenger-Tank 9953 | -3/Research | Discovered new exit (range 15) 10444 | -3/Research | Discovered new exit (range 5) 10480 | -3/Research | Entered another Research area 10480 | -2/Research | Spotted B-90 Cyclops 10480 | -2/Research | Evolved 2 slots: Propulsion x2 10542 | -2/Research | Crushed by falling debris 10551 | -2/Research | Destroyed B-90 Cyclops 10844 | -2/Research | System corruption reached 10% 11269 | -2/Research | Build established: Scavenger-Gunner 11445 | -2/Research | Spotted B-90 Cyclops 11486 | -2/Research | System corruption reached 30% 11717 | -2/Research | Spotted B-90 Cyclops 11745 | -2/Research | Found Prototype Device 11745 | -2/Research | Identified Adv. Particle Accelerator 11789 | -2/Research | Destroyed B-90 Cyclops 11815 | -2/Research | Lost 15 parts (2p3n5u5w) 11931 | -2/Research | Core integrity fell below 50% 11989 | -2/Research | Lost 27 parts (5p6n8u8w) 12376 | -2/Research | Core integrity fell below 20% 12427 | -2/Research | Lost 13 parts (2p4n5u2w) 12481 | -2/Research | Discovered new exit (range 14) 12486 | -2/Research | Destroyed by Y-72 Warden with Quantum Rifle Last Messages --------------- 12387_ Acquired Q-thruster. 12387_ Q-thruster destroyed. 12389_ Dropped Impulse Thruster Array. 12390_ Acquired Impulse Thruster Array. 12390_ Adv. Heat Sink destroyed. 12393_ P-80 Master resets P-80 Master, system corruption cleaned. 12396_ Q-thruster destroyed. 12404_ CT %D,KV SB%CM //%8DSDA1UG7AN2OFIGZE 12419_ System corrupted: Matter fused (-10). 12424_ Field Manipulator disabled. 12424_ Slug penetrates Door. 12424_ Slug penetrates Wall. 12432_ P-80 Master resets W-44 Eye, system corruption cleaned. 12434_ System corrupted: Matter fused (-6). 12451_ FU>1=|UW/FJI|7,ZIK= K| 12468_ ONMLEY3|O#QA:YTU/C,| 12468_ Acquired Nuclear Pulse Array. 12481_ EXIT=FOUND 12481_ System corrupted: Slammed into wall. 12483_ System corrupted: Matter fused (-9). Map ----- +----------------------------------------------------+ | ??????????????????????????????????????? | | ??????????????????????????????????????? | | ??????????????????????????????????????? | | ??????????????????????????????????????? | | ??????????????????????????????????????? | | ??????????????????????????????????????? | | ??????????????????????????????????????? | | ??????????????????????????????????????? | | ??????????????????????????????????????? | | ??????????????????????????????????????? | | ??????????????????????????????????????? | | ??????????????????????????????????????? | | ??????????????????????????????????????? | | ??????????????????????????????????????? | | ??????????????????????????????????????? | | ??????????????????????????????????????? | | ??????????????????????????????????????? | | ??????????????????????????????????????? | | ??????????????????????????????????????? | | ??????????????????????????????????????? | | ???????????????????????#######????????? | | ???????????????????????# #????????? | | ???????????????????????# #????????? | | ???????????????????????+ < +????????? | | ???????????????????????# Y #????????? | | ???????????????????????# @ #????????? | | ???????????????????????## ##????????? | | ????????????????????????# #?????????? | | ????????????????????????# #?????????? | | ????????????????????????# #?????????? | | ####?????????? ????????## ##????????? | | """#######+## ????????# #????????? | | "F"## T" ###### #????????? | | = ???? Y +????????? | | ###### #????????? | | #??#???????????# #????????? | | #??????????????### ###????????? | | #???????########## #??????????? | | = #???????+ ^#??????????? | | ]] +???????#### #??????????? | | ]] #??????????# ###????????? | | ##?????????# +???????? | | ########??# #####+## #???????? | | # #### #????????#???????? | | + + #????????????????? | | +### # #### #????????????????? | | # # #??# #????????????????? | | ####### #??# #????????????????? | | #?????# #??# #????????????????? | | #?????########??# #????????????????? | +----------------------------------------------------+ Best States ------------- Heat Dissipation 144 Energy Generation 43 Energy Capacity 575 Matter Stores 300 Matter Capacity 300 Sight Range 20 Robot Scan Range 16 Terrain Scan Density 10 ECM Strength 2 EM Shielding 3 Armor Coverage 1600 Resistance: EM 90 Core Shielding 30 Thermal Conversion 60 Weapon Cycling 20 Phase Shifting 10 Evasion (%) 62 Targeting Accuracy 14 Target Analysis 8 Armor Integrity Analysis 40 Recoil Reduction 6 Energy Filtering 50 Item Schematics ----------------- Lgt. Armor Plating | -10/Materials | Hacked Combat Drone Bay | -7/Data Miner | Free Lgt. Regenerative Plating | -7/Data Miner | Free Exp. Terrain Scanner | -7/Data Miner | Free Exp. Terrain Scan Processor | -7/Data Miner | Free Exp. Targeting Computer | -7/Data Miner | Free Tactical Coordination Suite | -7/Data Miner | Free Exp. Transmission Jammer | -7/Data Miner | Free Cloaking Device | -7/Data Miner | Free Robot Schematics ------------------ S-27 Virus | -7/Data Miner | Free G-50 Soldier | -7/Data Miner | Free X-72 Disruptor | -7/Data Miner | Free I-36 Angel | -7/Data Miner | Free Fabricated ------------ Nothing Alien Tech Used ----------------- None Achievements -------------- None Challenges ------------ None Game ------ Seed XenonPowerInitializer Manual? 0 Play Time 02:09:21 Cumulative 82.5 hours Start 2021.07.07 @ 22:12:56 End 2021.07.08 @ 00:19:32 Sessions 1 Manual Loads 0 Difficulty Rogue Special Mode None Game No. 49 Rogue 49 Adventurer 0 Explorer 0 Win Type - Total 1 Types 1/0/0/0/0/0/0/0/0 Lore% 51 Gallery% 54 Achievement% 46 Wizard Run 0 Options --------- ASCII 1 Keyboard 1 Movement Vi Keybinds 0 Fullscreen 2 Font 18/SmallcapsGlow Map View 76x50 Tactical HUD 1 Map Filters NONE Filters NONE Steam 1 RUN: a72b47f8-0162-493b-a572-182d61fe1d82